 Dungeon Crawl Stone Soup version 0.21.0 (webtiles) character file.

6871 Hekarica the Slicer (level 10, -12/69 HPs)
             Began as a Red Draconian Venom Mage on May 17, 2018.
             Mangled by a two-headed ogre
             ... wielding a +0 giant club
              (22 damage)
             ... on level 10 of the Dungeon.
             The game lasted 03:38:19 (11745 turns).

Hekarica the Slicer (Red Draconian Venom Mage)     Turns: 11745, Time: 03:38:20

Health: -12/69     AC: 11    Str: 11    XL:     10   Next: 78%
Magic:  17/17      EV: 14    Int: 18    God:
Gold:   468        SH:  0    Dex: 12    Spells: 2/19 levels left

rFire    + . .     SeeInvis +   g - +3 dagger (freeze)
rCold    . . .     Gourm    .   (no shield)
rNeg     . . .     Faith    .   (armour unavailable)
rPois    .         Spirit   .   (helmet restricted)
rElec    .         Reflect  .   (no cloak)
rCorr    .         Harm     .   q - +1 pair of gloves
MR       .....                  B - +1 pair of boots
Stlth    ++++......             w - amulet of regeneration
HPRegen  0.61/turn              l - ring of stealth
MPRegen  0.15/turn              c - ring of see invisible

@: short of breath
A: breathe fire, unfitting armour, fire resistance 1, cold-blooded, AC +7
a: Breathe Fire


You were on level 10 of the Dungeon.
You were not hungry.

You visited 1 branch of the dungeon, and saw 10 of its levels.
You also visited: Ossuary.

You collected 468 gold pieces.

Inventory:

Hand Weapons
 g - a +3 dagger of freezing (weapon)
 i - a +2 dagger of venom
 j - a +1 dagger of electrocution
 k - a +3 dagger
 r - a cursed -1 dagger
Missiles
 f - 19 tomahawks (quivered)
 h - 2 javelins of returning
Armour
 q - a +1 pair of gloves (worn)
 B - a +1 pair of boots (worn)
Magical Staves
 D - an uncursed staff of summoning {unknown}
Jewellery
 b - a +2 ring of intelligence
 c - a ring of see invisible (right hand)
 l - a ring of stealth (left hand)
 p - an uncursed ring of protection from fire
 w - an amulet of regeneration (around neck)
 y - an uncursed amulet of faith
Wands
 o - a wand of polymorph (18)
 s - a wand of clouds (3)
 A - a wand of disintegration (3)
 C - a wand of paralysis (11)
Scrolls
 m - 4 scrolls of remove curse
 z - a scroll of fog
 E - a scroll of identify
 G - a scroll of teleportation
 I - 2 scrolls of immolation
Potions
 d - 4 potions of brilliance
 n - a potion of resistance
 t - a potion of magic
 F - a potion of might
 J - a potion of flight
 K - a potion of curing
Books
 a - a Young Poisoner's Handbook

   Spells                             Type                      Level
   a - Sting                          Conjuration/Poison           1
   b - Poisonous Vapours              Poison/Air                   2
   c - Mephitic Cloud                 Conjuration/Poison/Air       3
   d - Olgreb's Toxic Radiance        Poison                       4
   e - Venom Bolt                     Conjuration/Poison           5
 e - a book of Frost

   Spells                             Type                      Level
   a - Freeze                         Ice                          1
   b - Throw Frost                    Conjuration/Ice              2
   c - Ozocubu's Armour               Charms/Ice                   3
   d - Throw Icicle                   Conjuration/Ice              4
   e - Summon Ice Beast               Ice/Summoning                4
 v - a book of Minor Magic

   Spells                             Type                      Level
   a - Magic Dart                     Conjuration                  1
   b - Blink                          Translocation                2
   c - Call Imp                       Summoning                    2
   d - Slow                           Hexes                        2
   e - Conjure Flame                  Conjuration/Fire             3
   f - Mephitic Cloud                 Conjuration/Poison/Air       3
 H - a book of Air

   Spells                             Type                      Level
   a - Shock                          Conjuration/Air              1
   b - Swiftness                      Charms/Air                   2
   c - Static Discharge               Conjuration/Air              3
   d - Airstrike                      Air                          4
   e - Lightning Bolt                 Conjuration/Air              5
Comestibles
 u - a ration


   Skills:
 * Level 8.3 Short Blades
 - Level 5.4 Dodging
 - Level 5.9 Stealth
 - Level 5.1 Spellcasting
 - Level 5.8 Conjurations
 - Level 4.8 Fire Magic
 + Level 4.7 Ice Magic
 - Level 2.0 Air Magic
 - Level 5.7 Poison Magic


You had 2 spell levels left.
You knew the following spells:

 Your Spells              Type           Power        Failure   Level  Hunger
a - Sting                 Conj/Pois      ####         1%          1    None
b - Mephitic Cloud        Conj/Pois/Air  ###.....     6%          3    ##.....
c - Magic Dart            Conj           ####         1%          1    None
d - Conjure Flame         Conj/Fire      ###.....     4%          3    ##.....
e - Throw Icicle          Conj/Ice       ###.....     16%         4    ####...
f - Venom Bolt            Conj/Pois      ####......   34%         5    ######.


Dungeon Overview and Level Annotations

Branches:
Dungeon (10/15)            Temple (0/1) D:6
   Lair: D:8-11         Orc: D:9-12

Altars:
Elyvilon
Fedhas
Gozag
Hepliaklqana
Okawaru
Xom
Yredelemnul

Annotations:
D:5 Hekarica's ghost, novice VSFi
D:6 Prince Ribbit
D:7 Cobalt's ghost, novice MiGl
D:8 exclusions: upstairs and 3 more exclusions


Innate Abilities, Weirdness & Mutations

You can breathe blasts of fire.
Your fiery red scales are hard. (AC +7)
You cannot fit into any form of body armour.
Your flesh is heat resistant. (rF+)
You are cold-blooded and may be slowed by cold attacks.


Message History

The two-headed ogre hits you with a giant club!
* * * LOW HITPOINT WARNING * * *
The two-headed ogre barely misses you.
Press: ? - help, v - describe, . - travel The floor, spattered with blood.
You feel much better.
You barely miss the two-headed ogre.
Your tail-slap misses the two-headed ogre.
The two-headed ogre is almost dead.
The two-headed ogre hits you with a giant club!!
* * * LOW HITPOINT WARNING * * *
The two-headed ogre completely misses you.
Press: ? - help, Shift-Dir - straight line, f - two-headed ogre
Aim: a two-headed ogre, wielding a giant club and a dire flail (almost dead)
You breathe a blast of fire.
The fiery breath hits the two-headed ogre.
The two-headed ogre is almost dead.
You feel somewhat more hungry.
The two-headed ogre hits you with a giant club!!
You die...

#.. ##### .......
#.. ...(##
....... ###
###..# ......
##.## #.# .....
#..# #.# ...#
##.# #.# ...#
#.##
#.#######)..#
#..#
##....@O.[ยง..#
##.#
#..........### ##
#.####..........#
#.
#...............#
#.
#..####.#..)...##
#. ##.#
#.#......# ###
#.. #.########
#.. #..# #.#
###'# #... #.#
#.)..


You could see a two-headed ogre.

Vanquished Creatures
  3 two-headed ogres
  A hippogriff (D:7)
  Sigmund (D:7)
  The ghost of Rogue the Sneak, an amateur SpEn of Dithmenos (D:4)
  2 hungry ghosts
  5 orc warriors
  3 ice beasts
  2 sky beasts
  A necrophage (D:6)
  A phantom (D:8)
  7 ogres
  6 centaurs
  A crocodile (D:9)
  3 big kobolds
  5 bullfrogs
  2 elf zombies (Ossuary)
  3 scorpions
  2 crimson imps
  A bullfrog zombie (D:5)
  2 centaur zombies
  A quasit (D:7)
  An iron imp (D:6)
  A jelly (D:8)
  A gnoll shaman (D:4)
  3 orc priests
  A bullfrog skeleton (D:5)
  2 hounds
  2 iguanas
  10 orc wizards
  11 worker ants
  3 big kobold zombies (Ossuary)
  A hound zombie (D:5)
  A hound skeleton (D:6)
  A worker ant zombie (D:8)
  A howler monkey zombie (D:5)
  2 mummies (Ossuary)
  Robin (D:2)
  5 gnolls (D:4)
  6 adders
  A shadow imp (D:6)
  An adder zombie (Ossuary)
  2 worms
  2 dart slugs (D:2)
  2 leopard geckos
  37 orcs
  A ball python (D:6)
  4 giant cockroaches
  10 goblins
  7 hobgoblins
  10 jackals
  23 kobolds
  6 quokkas
  5 bats
  A frilled lizard (D:1)
  A goblin zombie (Ossuary)
  6 hobgoblin zombies (Ossuary)
  2 jackal zombies (Ossuary)
  5 kobold zombies (Ossuary)
  14 orc zombies (Ossuary)
  A quokka skeleton (D:4)
  6 rats
  A rat zombie (Ossuary)
254 creatures vanquished.

Notes
Turn   | Place    | Note
-------+----------+-------------------------------------------
     0 | D:1      | Hekarica the Draconian Venom Mage began the quest for the Orb.
     0 | D:1      | Reached XP level 1. HP: 14/14 MP: 3/3
   134 | D:1      | Reached XP level 2. HP: 14/20 MP: 1/5
   953 | D:2      | Reached XP level 3. HP: 26/26 MP: 3/6
  1178 | D:2      | Noticed Robin
  1954 | D:2      | Reached XP level 4. HP: 33/33 MP: 5/8
  2061 | D:2      | Found an opulent altar of Gozag.
  2271 | D:2      | Killed Robin
  2297 | D:2      | Learned a level 3 spell: Mephitic Cloud
  3123 | D:4      | Noticed a phantom
  3559 | D:4      | Found a hazy altar of Hepliaklqana.
  3573 | D:4      | Reached XP level 5. HP: 35/38 MP: 5/9
  3589 | D:4      | Noticed Rogue's ghost (amateur SpEn)
  3684 | D:4      | Killed Rogue's ghost
  3684 | D:4      | Reached XP level 6. HP: 39/45 MP: 9/11
  3820 | D:4      | Learned a level 1 spell: Magic Dart
  4091 | D:4      | Found a blossoming altar of Fedhas.
  4587 | D:4      | Your scales start taking on a fiery red colour.
  4587 | D:4      | Reached XP level 7. HP: 36/50 MP: 6/13
  4587 | D:4      | Gained mutation: Your flesh is heat resistant. (rF+) [Red Draconian growth]
  4973 | D:5      | Entered Level 5 of the Dungeon
  5156 | D:5      | Reached skill level 5 in Spellcasting
  5705 | D:5      | Noticed Hekarica's ghost (novice VSFi)
  6070 | D:6      | Reached skill level 5 in Poison Magic
  6070 | D:6      | Reached XP level 8. HP: 36/57 MP: 13/15
  6482 | D:6      | Noticed Sigmund
  6781 | D:6      | Found a staircase to the Ecumenical Temple.
  7042 | D:6      | Noticed Prince Ribbit
  7127 | D:6      | Reached skill level 1 in Short Blades
  7192 | D:7      | Noticed a hippogriff
  7219 | D:7      | Killed a hippogriff
  7219 | D:7      | Reached skill level 2 in Short Blades
  7245 | D:7      | Reached skill level 5 in Stealth
  7296 | D:7      | Found a sand-covered staircase.
  7304 | Ossuary  | Entered an ossuary
  7315 | Ossuary  | Learned a level 3 spell: Conjure Flame
  7518 | Ossuary  | Reached skill level 3 in Short Blades
  7518 | Ossuary  | Reached skill level 1 in Fire Magic
  7810 | D:7      | Reached XP level 9. HP: 34/62 MP: 5/16
  7840 | D:7      | Reached skill level 4 in Short Blades
  8526 | D:7      | Found an iron altar of Okawaru.
  8526 | D:7      | Found a basalt altar of Yredelemnul.
  8527 | D:7      | Noticed Cobalt's ghost (novice MiGl)
  8546 | D:7      | Identified a scroll of acquirement
  8556 | D:7      | Learned a level 4 spell: Throw Icicle
  8930 | D:7      | Killed Sigmund
  9059 | D:8      | Reached skill level 1 in Ice Magic
  9246 | D:8      | Reached skill level 5 in Short Blades
  9246 | D:8      | Reached skill level 5 in Conjurations
  9275 | D:8      | Found a shimmering altar of Xom.
  9276 | D:8      | Found a shimmering altar of Xom.
  9276 | D:8      | Found a shimmering altar of Xom.
  9285 | D:8      | Found a shimmering altar of Xom.
  9369 | D:8      | Found a white marble altar of Elyvilon.
  9411 | D:8      | Noticed a two-headed ogre
  9424 | D:8      | Killed a two-headed ogre
  9424 | D:8      | Reached skill level 5 in Dodging
  9424 | D:8      | Reached skill level 1 in Air Magic
  9424 | D:8      | Reached XP level 10. HP: 69/69 MP: 3/17
  9724 | D:8      | Noticed a two-headed ogre
  9839 | D:8      | Killed a two-headed ogre
 10095 | D:8      | Reached skill level 6 in Short Blades
 10519 | D:9      | Learned a level 5 spell: Venom Bolt
 10952 | D:10     | Entered Level 10 of the Dungeon
 11048 | D:10     | Noticed a two-headed ogre
 11087 | D:10     | Killed a two-headed ogre
 11087 | D:10     | Reached skill level 7 in Short Blades
 11629 | D:10     | Reached skill level 8 in Short Blades
 11703 | D:10     | Noticed a two-headed ogre
 11745 | D:10     | Mangled by a two-headed ogre

Skill      XL: |  1  2  3  4  5  6  7  8  9 10 |
---------------+-------------------------------+-----
Stealth        | 2 3 4 5 |  5.9
Dodging        | 2 3 4 5 |  5.4
Spellcasting   | 3 4 5 |  5.1
Conjurations   | 2 3 4 5 |  5.8
Poison Magic   | 4 5 |  5.7
Short Blades   | 3 5 8 |  8.3
Fire Magic     | 2 4 |  4.8
Ice Magic      | 2 4 |  4.7
Air Magic      | 1 2 |  2.0

Action                   |  1- 3 |  4- 6 |  7- 9 | 10-12 || total
-------------------------+-------+-------+-------+-------++-------
Melee: Unarmed           |    10 |       |       |       ||    10
       Club              |     5 |       |       |       ||     5
       Dagger            |    50 |   109 |   425 |   266 ||   850
       Tailslap          |     7 |    14 |    57 |    29 ||   107
       Short sword       |    19 |    32 |       |       ||    51
Throw: Tomahawk          |    11 |    49 |    29 |       ||    89
 Cast: Sting             |    46 |    54 |    56 |    17 ||   173
       Mephitic Cloud    |       |     8 |    18 |     5 ||    31
       Magic Dart        |       |     7 |    16 |       ||    23
       Conjure Flame     |       |       |    25 |       ||    25
       Throw Icicle      |       |       |       |    12 ||    12
 Abil: Breathe Fire      |       |       |    38 |     5 ||    43
Evoke: Wand              |       |       |     3 |       ||     3
  Use: Potion            |     8 |     2 |     4 |     6 ||    20
       Scroll            |     4 |     7 |     8 |     2 ||    21
 Stab: Sleeping          |     3 |     4 |     7 |     5 ||    19
       Confused          |       |     1 |     2 |       ||     3
  Eat: Ration            |     1 |     3 |     8 |     3 ||    15
Armor: Skin              |    22 |    42 |   107 |    46 ||   217
Dodge: Dodged            |    49 |    85 |   263 |   110 ||   507
